AoeStats
← Top 1 IQ

Yucatan

510700027Analyzed
4v4 RM · 19h ago on Oct 2, 2026· 68m 14s· 8 players
Game mode
Random Map
Map size
Large (8 player)
Population
200
Speed
Normal
Resources
Standard
Victory
Conquest
Starting age
Dark Age
Ending age
Imperial Age
RankedLock teamsTeams togetherTeam positionsShared explorationLock speedFull tech treeHidden civsTurbo modeCheats
Victory
Defeat
🇲🇽 Mongols · Mexico
1186
+16
🇲🇽 Persians · Mexico
1146
+17
🇹🇼 Danes · Taiwan
1131
+18
🇲🇽 Varangians · Mexico
1117
+18
🇷🇺 Mongols · Russia
1192
-18
🇨🇳 Wei · China
1187
-18
🇷🇺 Hindustanis · Russia
1186
-18
🇸🇬 Slavs · Singapore
1123
-15
Mr.Rol3ot
6:26 Loom
8:52 Feudal Age
9:28 Double-Bit Axe
14:26 Horse Collar
14:54 Gold Mining
15:33 Fletching
16:43 Padded Archer Armor
18:02 Wheelbarrow
23:11 Castle Age
22:09 Bloodlines
22:37 Scale Barding Armor
24:31 Bow Saw
24:24 Heavy Plow
30:54 Hand Cart
33:18 Gold Shaft Mining
36:02 Imperial Age
33:51 Husbandry
35:24 Chain Barding Armor
35:15 Forging
35:49 Cavalier
38:02 Two-Man Saw
38:16 Crop Rotation
39:51 Plate Barding Armor
40:02 Iron Casting
40:37 Savar
42:38 Conscription
44:54 Blast Furnace
43:57 Stone Mining
47:17 Stone Shaft Mining
48:42 Ballistics
49:26 Chemistry
54:16 Coinage
53:50 Caravan
56:36 Heavy Camel Rider
56:40 Elite War Elephant
canijo2512
9:28 Loom
11:13 Feudal Age
15:39 Castle Age
13:39 Double-Bit Axe
13:35 Horse Collar
15:15 Fletching
15:30 Padded Archer Armor
17:09 Bow Saw
17:00 Heavy Plow
21:11 Town Watch
23:05 Leather Archer Armor
26:01 Ballistics
25:38 Bodkin Arrow
26:57 Stone Mining
26:59 Gold Mining
27:45 Wheelbarrow
29:09 Gold Shaft Mining
30:41 Bloodlines
30:33 Husbandry
36:21 Imperial Age
34:38 Thumb Ring
35:54 Stone Shaft Mining
35:38 Hand Cart
35:24 Town Patrol
37:08 Bracer
37:43 Parthian Tactics
37:48 Conscription
38:32 Elite Mangudai
40:16 Chemistry
41:05 Coinage
40:38 Caravan
43:32 Banking
45:18 Heavy Cavalry Archer
45:43 Capped Ram
46:30 Siege Engineers
47:44 Siege Ram
48:47 Drill
53:42 Murder Holes
65:08 Masonry
69:03 Hoardings
Tanatos
6:12 Loom
12:22 Feudal Age
18:24 Castle Age
16:13 Double-Bit Axe
16:10 Horse Collar
17:41 Gold Mining
20:39 Wheelbarrow
20:28 Forging
20:53 Town Watch
29:01 Bloodlines
30:00 Pikeman
32:23 Scale Barding Armor
32:53 Iron Casting
32:33 Husbandry
34:08 Hand Cart
36:03 Iron Casting
39:20 Imperial Age
38:22 Chain Barding Armor
37:54 Fletching
38:53 Squires
38:40 Arson
40:35 Conscription
40:20 Bodkin Arrow
41:06 Plate Barding Armor
40:19 Light Cavalry
40:58 Hussar
46:01 Bow Saw
45:54 Heavy Plow
48:11 Town Patrol
48:14 Scale Mail Armor
48:28 Bodkin Arrow
48:55 Halberdier
52:02 Two-Man Saw
52:31 Chain Mail Armor
53:17 Blast Furnace
58:16 Plate Mail Armor
58:24 Crop Rotation
63:43 Elite Jarl
63:54 Vendel Legacy
66:25 Bracer
Asura
4:03 Loom
11:49 Feudal Age
13:07 Double-Bit Axe
16:02 Wheelbarrow
37:08 Castle Age
35:06 Fletching
36:39 Fishing Lines
38:58 Bodkin Arrow
39:04 Scale Mail Armor
39:28 Elite Skirmisher
41:56 Bow Saw
43:04 Padded Archer Armor
43:17 Hamask
45:14 Ballistics
46:26 Murder Holes
53:53 Gillnets
54:31 Chain Mail Armor
55:38 Gambesons
56:11 Squires
55:57 Arson
57:09 Forging
58:44 Iron Casting
60:58 Imperial Age
61:44 Elite Varangian Guard
63:00 Plate Mail Armor
64:25 Northmen's Fury
65:42 Hoardings
65:30 Conscription
Top 1 IQ
6:33 Loom
9:06 Feudal Age
10:22 Double-Bit Axe
12:59 Scale Barding Armor
14:30 Forging
16:14 Wheelbarrow
16:18 Wheelbarrow
15:54 Bloodlines
17:31 Horse Collar
21:52 Castle Age
20:14 Stone Mining
20:14 Gold Mining
20:51 Fletching
21:01 Padded Archer Armor
23:12 Hand Cart
23:16 Bow Saw
23:34 Heavy Plow
25:37 Stone Shaft Mining
27:31 Iron Casting
27:32 Thumb Ring
28:56 Ballistics
29:23 Bodkin Arrow
30:42 Husbandry
31:50 Leather Archer Armor
39:35 Imperial Age
38:45 Gold Shaft Mining
37:39 Light Cavalry
39:40 Elite Mangudai
41:56 Drill
41:56 Conscription
41:42 Bracer
42:45 Chemistry
41:41 Hussar
42:59 Siege Engineers
43:21 Parthian Tactics
49:37 Capped Ram
50:40 Siege Ram
60:34 Chain Barding Armor
61:14 Blast Furnace
59:37 Heavy Scorpion
John souls
8:39 Loom
10:28 Feudal Age
14:31 Wheelbarrow
16:11 Castle Age
14:35 Double-Bit Axe
17:35 Man-at-Arms
18:03 Arson
19:33 Scale Mail Armor
20:45 Long Swordsman
29:46 Hand Cart
32:37 Bow Saw
32:17 Horse Collar
33:06 Bloodlines
32:57 Husbandry
36:10 Forging
36:20 Scale Barding Armor
37:40 Iron Casting
38:16 Heavy Plow
43:29 Imperial Age
41:05 Husbandry
43:25 Chain Barding Armor
43:39 Heavy Camel Rider
44:58 Plate Barding Armor
45:24 Blast Furnace
45:27 Imperial Camel Rider
47:47 Two-Man Saw
57:53 Stone Mining
57:53 Gold Mining
and0ng
12:15 Feudal Age
16:48 Gold Mining
17:03 Loom
20:05 Fletching
39:10 Horse Collar
40:01 Double-Bit Axe
46:34 Castle Age
46:08 Forging
45:59 Scale Mail Armor
47:27 Heavy Plow
51:06 Gold Shaft Mining
50:21 Stone Mining
50:53 Chain Mail Armor
51:31 Wheelbarrow
51:08 Bow Saw
55:23 Hand Cart
57:58 Town Watch
58:44 Squires
59:51 Town Patrol
60:07 Husbandry
60:04 Light Cavalry
60:55 Bloodlines
60:55 Pikeman
69:15 Imperial Age
67:35 Iron Casting
67:05 Scale Barding Armor
68:10 Scale Barding Armor
苍真
11:33 Feudal Age
15:30 Castle Age
14:03 Double-Bit Axe
15:33 Horse Collar
17:01 Heavy Plow
17:53 Loom
24:03 Fletching
25:25 Wheelbarrow
26:46 Gold Mining
28:16 Gold Shaft Mining
28:02 Bodkin Arrow
30:15 Bloodlines
30:06 Husbandry
31:43 Bow Saw
35:03 Imperial Age
34:37 Scale Mail Armor
34:44 Scale Barding Armor
34:49 Forging
34:50 Thumb Ring
35:21 Tuntian
37:14 Parthian Tactics
36:51 Bracer
37:15 Conscription
37:26 Ballistics
38:06 Chemistry
36:38 Light Cavalry
37:52 Hand Cart
38:00 Chain Barding Armor
39:24 Iron Casting
38:50 Padded Archer Armor
40:02 Crop Rotation
40:01 Ming Guang Armor
39:50 Stone Mining
40:27 Hussar
41:44 Leather Archer Armor
42:30 Blast Furnace
41:32 Elite Tiger Cavalry
43:09 Ring Archer Armor
45:41 Onager
48:15 Hoardings
Connection lost

Rejoining the realm…

Still unreachable

The connection could not be restored.

Session expired

The server has moved on; the page needs a fresh start.